 Dungeon Crawl Stone Soup version 0.31-a0-1540-g5a0b83f448 (webtiles) character file.

Game seed: 1793003996828881045

48 themarg the Covered (level 3, -1/31 HPs)
             Began as an Armataur Fighter on Jan 2, 2024.
             Killed by nerve-wracking pain
             ... invoked by an orc priest
              (8 damage)
             ... on level 3 of the Dungeon.
             The game lasted 00:03:11 (1691 turns).

themarg the Covered (Armataur Fighter)              Turns: 1691, Time: 00:03:11

Health: -1/31      AC:  6    Str: 23    XL:     3   Next: 50%
Magic:  0/3        EV:  7    Int:  8    God:
Gold:   82         SH:  4    Dex:  9    Spells: 2/2 levels left

rFire   . . .        a - +0 flail
rCold   . . .        c - +0 buckler
rNeg    . . .        b - +0 scale mail
rPois   .            (no helmet)
rElec   .            (no cloak)
rCorr   .            (no gloves)
SInv    +            (no barding)
Will    .....        g - amulet of guardian spirit Stlth
                     j - ring of see invisible
HPRegen 0.25/turn    (no ring)
MPRegen 0.08/turn

%: guardian spirit, roll
@: no status effects
A: large, deformed body, tough skin 3, armoured tail, roll 1
a: no special abilities


You were on level 3 of the Dungeon.
You visited 1 branch of the dungeon, and saw 3 of its levels.

You collected 82 gold pieces.

Inventory:

Hand Weapons
 a - a +0 flail (weapon)
Missiles
 e - 6 poisoned darts
 k - 23 stones
Armour
 b - a +0 scale mail (worn)
 c - a +0 buckler (worn)
Jewellery
 g - an amulet of guardian spirit (around neck)
 j - a ring of see invisible (left hand)
Talismans
 p - a blade talisman
Scrolls
 h - a scroll of enchant armour {unknown}
 i - 2 scrolls of identify {unknown}
 l - 2 scrolls of vulnerability {unknown}
 n - a scroll of fear {unknown}
 o - a scroll of fog {unknown}
Potions
 d - 2 potions of might
 f - a potion of mutation {unknown}
 m - a potion of brilliance {unknown}


   Skills:
 + Level 3.5 Fighting
 + Level 2.8 Maces & Flails
 - Level 3.6 Armour
 - Level 3.2 Shields


You had 2 spell levels left.
You didn't know any spells.
Your spell library was empty.

Dungeon Overview and Level Annotations

Branches:
Dungeon (3/15)

Altars:


Innate Abilities, Weirdness & Mutations

Armour fits poorly on your strangely shaped body.
You have extremely tough skin. (AC +3)
You have a long armoured tail.
You regenerate magic when rolling toward enemies. (Rampage MPRegen)


Message History

You closely miss the orc. The orc hits you but does no damage.
You closely miss the orc.
Your tail-slap misses the orc.
The orc barely misses you.
You sock the orc!
You kill the orc!
You hit the goblin.
The goblin is severely wounded.
The goblin hits you but does no damage.
You closely miss the goblin. You tail-slap the goblin.
You kill the goblin!
You hit the orc priest.
The orc priest is lightly wounded.
The orc priest calls down the wrath of Beogh upon you.
Beogh smites you! The orc priest hits you with a +0 whip.
You are too injured to fight recklessly!
You are too injured to fight recklessly!
You are too injured to fight recklessly!
You closely miss the orc priest.
Your tail-slap misses the orc priest.
The orc priest is lightly wounded.
The orc priest closely misses you.
You closely miss the orc priest.
Your tail-slap misses the orc priest.
The orc priest is lightly wounded.
The orc priest hits you with a +0 whip.
You closely miss the orc priest.
The orc priest is lightly wounded.
The orc priest hits you with a +0 whip. The orc priest closely misses you.
You closely miss the orc priest. You tail-slap the orc priest.
The orc priest is heavily wounded.
The orc priest invokes the aid of Beogh against you.
Beogh smites you!
* * * LOW HITPOINT WARNING * * *
You barely miss the orc priest.
Your tail-slap misses the orc priest.
The orc priest is heavily wounded.
The orc priest hits you with a +0 whip.
* * * LOW HITPOINT WARNING * * *
You barely miss the orc priest.
The orc priest is heavily wounded.
The orc priest calls down the wrath of Beogh upon you.
Pain shoots through your body!
You die...

#.#. ..# ########.#
#.#.##.#######........#
#....... ....#.#####..#
#......# #..#........#
#.#.##)####..#.##†##.##
###.#................#.#
##........####....~.....#
......#..####....~.~..<#
#........oo@......~....#
#..#..#..######......###
####..#.##..# ########
~.....#.##o.# #.........#
.8~.###g##### . #~###.##
#......# #.~..##g.#


You could see an orc priest and an orc.

Vanquished Creatures
  An adder (D:2)
  A dart slug (D:1)
  2 orcs (D:3)
  A bat (D:2)
  3 endoplasms
  A giant cockroach (D:1)
  5 goblins
  5 hobgoblins
  5 kobolds
  A quokka (D:2)
  5 frilled lizards
  3 rats
33 creatures vanquished.

Notes
Turn   | Place    | Note
-------+----------+-------------------------------------------
     0 | D:1      | themarg the Armataur Fighter began the quest for the Orb.
     0 | D:1      | Reached XP level 1. HP: 18/18 MP: 1/1
   331 | D:1      | Reached XP level 2. HP: 26/26 MP: 2/2
  1435 | D:2      | Reached XP level 3. HP: 22/31 MP: 3/3
  1691 | D:3      | Killed from afar by an orc priest

Illustrated notes

Levels and vault maps discovered:
D:1:      wheals_arrival_linesprint, layout_loops_ring, chequers_hall_statues_y,
          hangedman_abyss_or_decor_lesser_grid
D:2:      layout_loops_cross, kennysheep_generic_room_8
D:3:      layout_loops_cross, dreamdust_ecumenical_altar_drowned_temple,
          chequers_serial_rivers_micro_c, uniq_jessica, uniq_terence

Skill      XL: |  1 |
---------------+----+-----
Maces & Flails | 2 |  2.8
Fighting       | 3 |  3.5
Armour         | |  3.6
Shields        | |  3.2

Action                     || total
---------------------------++-------
  Melee: Flail             ||   104
         Tailslap          ||     7
 Armour: Scale mail        ||    58
  Dodge: Dodged            ||    43
  Block: Buckler           ||    10

Table legend: (Time is in decaauts)
 A = Elapsed time spent in this place.
 B = Non-inter-level travel time spent in this place.
 C = Inter-level travel time spent in this place.
 D = Time resting spent in this place.
 E = Time spent auto-exploring this place.
 F = Levels seen in this place.
 G = Mean time per level.
                   A        B        C        D        E       F      G
               +--------+--------+--------+--------+--------+-----+--------+
         Total |   1721 |   1620 |    101 |      0 |   1366 |   3 |  573.7 |
       Dungeon |   1721 |   1620 |    101 |      0 |   1366 |   3 |  573.7 |
               +--------+--------+--------+--------+--------+-----+--------+

Top non-repeatable levels by time:
     D:1: 977 daAuts
     D:2: 643 daAuts
     D:3: 100 daAuts
